 Dungeon Crawl Stone Soup version 0.29-a0-824-gd827844252 (webtiles) character file.

Game seed: 12449073624662525424

1050 Malachi the Chopper (level 8, 0/82 HPs)
             Began as an Octopode Berserker on July 10, 2022.
             Was a Priest of Trog.
             Succumbed to a kobold's poison
             ... on level 5 of the Dungeon.
             The game lasted 00:03:39 (6050 turns).

Malachi the Chopper (Octopode Berserker)            Turns: 6050, Time: 00:03:40

Health: 0/82       AC:  1    Str: 24    XL:     8   Next: 26%
Magic:  8/8        EV: 14    Int: 10    God:    Trog [***...]
Gold:   309        SH:  0    Dex: 11    Spells: 7/7 levels left

rFire   . . .      SeeInvis .   u - +0 war axe
rCold   . . .      Faith    .   (no shield)
rNeg    . . .      Spirit   .   (helmet restricted)
rPois   .          Reflect  .   (no amulet)
rElec   .          Harm     .   j - +6 ring of strength
rCorr   .          Rampage  .   (no ring)
Will    .....                   (no ring)
Stlth   ..........              (no ring)
HPRegen 0.23/turn               (no ring)
MPRegen 0.11/turn               (no ring)
                                (no ring)
                                (no ring)

@: berserking, lethally poisoned (0 -> -5), very quick
A: almost no armour, amphibious, 8 rings, camouflage 1, gelatinous body 1,
(nimble swimmer 1), tentacles
a: Renounce Religion, Berserk, Trog's Hand


You were on level 5 of the Dungeon.
You worshipped Trog.
Trog was most pleased with you.
You visited 1 branch of the dungeon, and saw 5 of its levels.

You collected 309 gold pieces.

Inventory:

Hand Weapons
 u - a +0 war axe (weapon)
 v - a +2 morningstar of holy wrath
Jewellery
 j - a +6 ring of strength (left tentacle)
Wands
 a - a wand of digging (6)
 m - a wand of quicksilver (7)
 q - a wand of mindburst (4)
Scrolls
 b - a scroll of brand weapon {unknown}
 d - a scroll of poison {unknown}
 e - a scroll of fear {unknown}
 g - 4 scrolls of identify {unknown}
 h - a scroll of amnesia {unknown}
 k - a scroll of magic mapping {unknown}
 l - 2 scrolls of noise {unknown}
 p - a scroll of teleportation {unknown}
 r - a scroll of fog {unknown}
 t - 3 scrolls of enchant armour {unknown}
Potions
 c - a potion of haste {unknown}
 f - a potion of degeneration {unknown}
 i - a potion of curing {unknown}
 n - a potion of mutation {unknown}
 o - a potion of invisibility {unknown}
 s - 2 potions of brilliance {unknown}


   Skills:
 + Level 5.2 Fighting
 + Level 6.5 Axes
 + Level 5.0 Dodging
 + Level 5.8 Stealth


You had 7 spell levels left.
You didn't know any spells.
Your spell library was empty.

Dungeon Overview and Level Annotations

Branches:
Dungeon (5/15)
 Temple: D:4-7

Altars:
Fedhas
Trog
Vehumet
Zin

Shops:
D:2 *


Innate Abilities, Weirdness & Mutations

You cannot wear most types of armour.
You are amphibious.
You can wear up to eight rings at the same time.
Your skin changes colour to match your surroundings (Stealth+).
Your rubbery body absorbs attacks. (AC +1, EV +1)
((You are camouflaged when in or above water. (Stealth+)))
You have tentacles for arms and can constrict up to eight enemies at once.


Message History

You hit the kobold.
You kill the kobold!
Trog accepts your kill.
You feel sick. The kobold hits you with a +0 whip.
* * * LOW HITPOINT WARNING * * *
The kobold hits you with a +0 short sword.
* * * LOW HITPOINT WARNING * * *
You slash the kobold!
You kill the kobold!
Trog accepts your kill.
You closely miss the kobold. You barely miss the kobold. x2
You closely miss the kobold.
You feel sick. The kobold hits you but does no damage.
The kobold closely misses you.
The kobold hits you with a +0 short sword.
* * * LOW HITPOINT WARNING * * *
The kobold hits you with a +0 short sword.
* * * LOW HITPOINT WARNING * * *
You closely miss the kobold. You grab the kobold. You squeeze the kobold.
You feel the power of Trog in you as your rage grows.
You kill the kobold!
Trog accepts your kill.
You closely miss the kobold. You slash the kobold!
You kill the kobold!
Trog accepts your kill.
You hit the kobold. You barely miss the kobold.
* * * LOW HITPOINT WARNING * * *
You feel sick. The kobold barely misses you. x2
The kobold closely misses you.
You are too berserk!
Found two human corpses.
* * * LOW HITPOINT WARNING * * *
You feel sick.
Items here: ( ))) ††.
You slice the kobold!!
You kill the kobold!
Trog accepts your kill.
You slash the kobold!
You kill the kobold!
Trog accepts your kill.
You die...

...#.....#P.♣####♣.#.............
...#.[...##P.P♣##..###.##########
...#......#PP..####P ###
...#....####♣.♣♣ ♣P
...#....#..#P..♣♣## ♣.
...#...†#..##..)♣.# PP
...##...'...##.))K♣# P#
...##...#...###♣)).#
........#####..)@).♣ ........#
♣.♣.......♣ ........#
♣P........... ......###
.............. ..#####
PP.......†..... ...♣
.........§§.... ####
P........§§.... .........†.†...


You could see a kobold.

Vanquished Creatures
  Eustachio (D:4)
  2 black bears (D:5)
  An ogre (D:4)
  A kobold brigand (D:5)
  2 scorpions
  A howler monkey (D:5)
  2 jellies
  2 orc priests
  2 iguanas
  An orc wizard (D:5)
  8 adders
  An ufetubus (D:5)
  4 worms
  2 dart slugs
  11 orcs
  10 endoplasms
  5 giant cockroaches
  10 goblins
  7 hobgoblins
  5 jackals (D:1)
  5 quokkas
  4 ball pythons
  6 bats
  14 frilled lizards
  23 kobolds
  6 rats
136 creatures vanquished.

Vanquished Creatures (others)
  3 fungi (D:4)
  18 plants
21 creatures vanquished.

Grand Total: 157 creatures vanquished

Notes
Turn   | Place    | Note
-------+----------+-------------------------------------------
     0 | D:1      | Malachi the Octopode Berserker began the quest for the Orb.
     0 | D:1      | Reached XP level 1. HP: 16/16 MP: 1/1
   215 | D:1      | Reached XP level 2. HP: 21/21 MP: 2/2
   344 | D:1      | Reached XP level 3. HP: 26/26 MP: 3/3
   438 | D:1      | Reached ** piety under Trog
  1296 | D:2      | Found Toheg's Assorted Antiques.
  1553 | D:2      | Reached XP level 4. HP: 24/32 MP: 4/4
  1668 | D:2      | Reached skill level 1 in Stealth
  2122 | D:2      | Found a faded altar of an unknown god.
  3133 | D:3      | Reached skill level 4 in Axes
  3205 | D:3      | Reached XP level 5. HP: 37/37 MP: 5/5
  3229 | D:3      | Found a radiant altar of Vehumet.
  3229 | D:3      | Found a glowing silver altar of Zin.
  3527 | D:4      | Noticed Eustachio
  3537 | D:4      | Killed Eustachio
  3538 | D:4      | Reached XP level 6. HP: 43/43 MP: 6/6
  3640 | D:4      | Reached skill level 5 in Axes
  3646 | D:4      | Reached *** piety under Trog
  4057 | D:4      | Reached XP level 7. HP: 49/49 MP: 7/7
  4958 | D:5      | Entered Level 5 of the Dungeon
  5236 | D:5      | Found a bloodstained altar of Trog.
  5286 | D:5      | Reached skill level 6 in Axes
  5286 | D:5      | Reached skill level 5 in Stealth
  5361 | D:5      | Reached skill level 5 in Fighting
  5361 | D:5      | Reached XP level 8. HP: 51/55 MP: 8/8
  5907 | D:5      | Found a blossoming altar of Fedhas.
  6043 | D:5      | Reached skill level 5 in Dodging
  6047 | D:5      | HP: 2/82 [kobold/+0 short sword (3)]
  6050 | D:5      | Succumbed to a kobold's poison

Illustrated notes

Levels and vault maps discovered:
D:1:      dpeg_cavernosity, layout_basic, minmay_lizard_king
D:2:      minmay_skewed_foursquare, layout_basic, serial_shops, shop,
          hellmonk_ecumenical_altar_blasted
D:3:      layout_basic, gammafunk_temple_overflow_statue, interstate_on_off
D:4:      layout_loops_corners, serial_aquarium, aquarium_bridge_square
          [aquarium_subvault_window, aquarium_subvault_bridge,
          aquarium_subvault_wall, aquarium_subvault_bridge],
          aquarium_window_fake, aquarium_window_corridor_1, aquarium_view_2e,
          aquarium_view_2c, aquarium_pool_corner, minivault_19,
          serial_bayou_pond_a, uniq_eustachio
D:5:      kennysheep_kobold_camp, layout_gridville, fedhas_altar_decomposition,
          mainiacjoe_overflow_small_starburst

Skill      XL: |  1  2  3  4  5  6  7  8 |
---------------+-------------------------+-----
Stealth        | 2 3 4 5 |  5.8
Axes           | 4 5 6 |  6.5
Fighting       | 4 5 |  5.2
Dodging        | 4 5 |  5.0

Action                   |  1- 3 |  4- 6 |  7- 9 || total
-------------------------+-------+-------+-------++-------
Melee: Hand axe          |    82 |    80 |    18 ||   180
       Tentacles         |    14 |    17 |    13 ||    44
       Constrict         |    20 |    21 |    14 ||    55
       Punch             |     1 |     1 |     1 ||     3
       Falchion          |       |    12 |       ||    12
       War axe           |       |       |    40 ||    40
Invok: Berserk           |       |     4 |     4 ||     8
 Stab: Sleeping          |     3 |     4 |     4 ||    11
Armor: Skin              |    10 |     8 |     4 ||    22
Dodge: Dodged            |    49 |    65 |    44 ||   158

Table legend: (Time is in decaauts)
 A = Elapsed time spent in this place.
 B = Non-inter-level travel time spent in this place.
 C = Inter-level travel time spent in this place.
 D = Time resting spent in this place.
 E = Time spent auto-exploring this place.
 F = Levels seen in this place.
 G = Mean time per level.
                   A        B        C        D        E       F      G
               +--------+--------+--------+--------+--------+-----+--------+
         Total |   6149 |   6083 |     66 |    911 |   4525 |   5 | 1229.8 |
       Dungeon |   6149 |   6083 |     66 |    911 |   4525 |   5 | 1229.8 |
               +--------+--------+--------+--------+--------+-----+--------+

Top non-repeatable levels by time:
     D:4: 1664 daAuts
     D:2: 1465 daAuts
     D:1: 1240 daAuts
     D:5: 1132 daAuts
     D:3: 646 daAuts
